 Dungeon Crawl Stone Soup version 0.31-a0-182-gc5ef74bbde (webtiles) character file.

Game seed: 12046600498682574004

120 Maxmaps the Slasher (level 4, -4/33 HPs)
             Began as a Demonspawn Reaver on June 21, 2023.
             Slain by a yak (7 damage)
             ... on level 4 of the Dungeon.
             The game lasted 00:02:27 (2523 turns).

Maxmaps the Slasher (Demonspawn Reaver)             Turns: 2523, Time: 00:02:27

Health: -4/33      AC:  6    Str: 18    XL:     4   Next: 75%
Magic:  7/7        EV: 13    Int: 17    God:
Gold:   222        SH:  0    Dex: 11    Spells: 6/7 levels left

rFire   . . .        a - +0 falchion
rCold   . . .        (no shield)
rNeg    . . .        o - +0 ring mail
rPois   .            (no helmet)
rElec   .            (no cloak)
rCorr   .            t - +0 pair of gloves
SInv    +            (no boots)
Will    .....        l - amulet of the acrobat
Stlth   +            c - +6 ring of strength
HPRegen 0.25/turn    n - ring of see invisible
MPRegen 0.10/turn

%: acrobat
@: hasted, very quick
A: hooves 1, repulsion field 1
a: no special abilities


You were on level 4 of the Dungeon.
You visited 1 branch of the dungeon, and saw 4 of its levels.

You collected 222 gold pieces.

Inventory:

Hand Weapons
 a - a +0 falchion (weapon)
Missiles
 d - a throwing net
Armour
 b - a +0 leather armour
 o - a +0 ring mail (worn)
 t - a +0 pair of gloves (worn)
Jewellery
 c - a +6 ring of strength (left hand)
 g - a ring of positive energy
 h - an amulet of faith
 l - an amulet of the acrobat (around neck)
 n - a ring of see invisible (right hand)
Wands
 u - a wand of mindburst (20)
 y - a wand of paralysis (14)
Scrolls
 e - 2 scrolls of enchant weapon {unknown}
 m - a scroll of fear {unknown}
 p - a scroll of identify {unknown}
 r - a scroll of noise {unknown}
 s - a scroll of enchant armour {unknown}
 v - a scroll of teleportation {unknown}
 w - a scroll of poison {unknown}
 x - a scroll of acquirement {unknown}
Potions
 i - a potion of magic {unknown}
 j - 2 potions of attraction {unknown}
 k - 4 potions of curing {unknown}
 q - a potion of might {unknown}
 z - a potion of ambrosia {unknown}


   Skills:
 - Level 2.0 Fighting
 + Level 5.1 Long Blades
 - Level 1.7 Dodging
 - Level 2.0 Spellcasting
 - Level 3.0 Conjurations


You had 6 spell levels left.
You knew the following spells:

 Your Spells              Type           Power      Damage    Failure   Level
a - Kiss of Death         Conj/Necr      24%        2d7       19%         1

Your spell library contained the following spells:

 Spells                   Type           Power      Damage    Failure   Level
 Magic Dart               Conj           44%        1d5       10%         1
 Momentum Strike          Conj/Tloc      12%        3d8       28%         2
 Slow                     Hex            4%         N/A       34%         1
 Call Imp                 Summ           2%         N/A       45%         2
 Cigotuvi's Dreadful Rot  Necr/Pois/Air  2%         N/A       45%         2
 Hailstorm                Conj/Ice       6%         3d4       50%         3
 Mephitic Cloud           Conj/Pois/Air  5%         N/A       56%         3
 Confusing Touch          Hex            1%         N/A       71%         3
 Ignite Poison            Fire/Tmut/Pois 1%         N/A       71%         3
 Vampiric Draining        Necr           1%         2d6       71%         3
 Freezing Cloud           Conj/Ice/Air   2%         6-21      99%         5


Dungeon Overview and Level Annotations

Branches:
Dungeon (4/15)
 Temple: D:4-7

Altars:
Makhleb


Innate Abilities, Weirdness & Mutations

You have large cloven feet.
You are surrounded by a mild repulsion field. (EV +2)


Message History

The yak gores you!
It was a potion of haste.
You feel yourself speed up. The yak gores you but does no damage.
You slash the yak! You kick the yak, but do no damage.
The yak is heavily wounded.
The yak closely misses you.
You closely miss the yak. You kick the yak, but do no damage.
The yak is heavily wounded.
The yak gores you.
You hit the yak. Your kick misses the yak.
The yak is heavily wounded.
You hit the yak but do no damage. You kick the yak, but do no damage.
The yak is heavily wounded.
The yak completely misses you.
You hit the yak but do no damage. You kick the yak.
The yak is heavily wounded.
The yak barely misses you.
You hit the yak. Your kick misses the yak.
The yak is heavily wounded.
You hit the yak but do no damage. Your kick misses the yak.
The yak is heavily wounded.
The yak gores you!
* * * LOW HITPOINT WARNING * * *
You hit the yak. You kick the yak.
The yak is severely wounded.
You barely miss the yak.
The yak is severely wounded.
The yak closely misses you.
You hit the yak. You kick the yak.
The yak is almost dead.
The yak closely misses you.
You barely miss the yak.
The yak is almost dead.
The yak closely misses you.
You hit the yak but do no damage.
The yak is almost dead.
You hit the yak but do no damage. Your kick misses the yak.
The yak is almost dead.
The yak gores you!
You die...

..........
########....####
..........
###.####
..........
##...# #.......
#..#.#
####.##.#####
#....##.....#
#<.########.#
#.##)#.#.#..#
#.#@..#.###.#
..#Y####.#..#
..##.. #.###.#
..# #.#(##.#..#
... #.#####.#.#
.. #.# ###.# #..
..# ##. .## #


You could see a yak.

Vanquished Creatures
  A jelly (D:4)
  4 adders
  An ufetubus (D:4)
  2 dart slugs
  An orc (D:4)
  9 bats
  3 endoplasms
  A giant cockroach (D:2)
  2 goblins
  7 hobgoblins
  3 jackals (D:1)
  4 kobolds
  A quokka (D:2)
  A ball python (D:4)
  3 frilled lizards
  4 rats
47 creatures vanquished.

Notes
Turn   | Place    | Note
-------+----------+-------------------------------------------
     0 | D:1      | Maxmaps the Demonspawn Reaver began the quest for the Orb.
     0 | D:1      | Reached XP level 1. HP: 16/16 MP: 3/3
    87 | D:1      | Reached skill level 3 in Long Blades
   183 | D:1      | Gained mutation: You have large cloven feet. [demonic
                  | ancestry]
   183 | D:1      | Reached XP level 2. HP: 22/22 MP: 5/5
   245 | D:1      | Found a faded altar of an unknown god.
   718 | D:2      | Reached XP level 3. HP: 22/27 MP: 6/6
   890 | D:2      | Reached skill level 4 in Long Blades
  1486 | D:3      | Gained mutation: You are surrounded by a mild repulsion
                  | field. (EV +2) [demonic ancestry]
  1486 | D:3      | Reached XP level 4. HP: 29/33 MP: 7/7
  1580 | D:3      | Found a burning altar of Makhleb.
  2439 | D:4      | Reached skill level 5 in Long Blades
  2504 | D:4      | Noticed a yak
  2523 | D:4      | Slain by a yak

Illustrated notes

Levels and vault maps discovered:
D:1:      dreamdust_arrival_sigmund_warning, layout_rooms,
          ebering_ecumenical_altar_abandoned, minivault_11,
          nrook_mini_backslash, minivault_25
D:2:      layout_loops_ring, minmay_split_cup_small
D:3:      layout_basic, lemuel_tele_altar
D:4:      layout_basic, tgw_xom, mainiacjoe_overflow_surrounded_room,
          mainiacjoe_overflow_catwalk, minmay_small_thing

Skill      XL: |  1  2  3  4 |
---------------+-------------+-----
Long Blades    | 3 4 5 |  5.1
Fighting       | |  2.0
Dodging        | |  1.7
Spellcasting   | |  2.0
Conjurations   | |  3.0

Action                     |  1- 3 |  4- 6 || total
---------------------------+-------+-------++-------
  Melee: Falchion          |   119 |    36 ||   155
         Kick              |    14 |    13 ||    27
         Punch             |     1 |       ||     1
    Use: Potion            |       |     1 ||     1
   Stab: Sleeping          |     1 |       ||     1
 Armour: Leather armour    |    41 |       ||    41
         Ring mail         |     8 |     5 ||    13
  Dodge: Dodged            |   125 |    22 ||   147

Table legend: (Time is in decaauts)
 A = Elapsed time spent in this place.
 B = Non-inter-level travel time spent in this place.
 C = Inter-level travel time spent in this place.
 D = Time resting spent in this place.
 E = Time spent auto-exploring this place.
 F = Levels seen in this place.
 G = Mean time per level.
                   A        B        C        D        E       F      G
               +--------+--------+--------+--------+--------+-----+--------+
         Total |   2531 |   2444 |     87 |      0 |   2034 |   4 |  632.8 |
       Dungeon |   2531 |   2444 |     87 |      0 |   2034 |   4 |  632.8 |
               +--------+--------+--------+--------+--------+-----+--------+

Top non-repeatable levels by time:
     D:3: 947 daAuts
     D:1: 713 daAuts
     D:2: 672 daAuts
     D:4: 197 daAuts
